 Seeded DCSS version 0.28-a0-1555-g9ae15a6949 (webtiles) character file.

Game seed: 20220103 (custom seed)

112 a11behringer the Slasher (level 4, 0/40 HPs)
             Began as a Minotaur Fighter on Jan 18, 2022.
             Succumbed to a scorpion's poison
             ... on level 4 of the Dungeon.
             The game lasted 00:04:28 (2362 turns).

a11behringer the Slasher (Minotaur Fighter)         Turns: 2362, Time: 00:04:28

Health: 0/40       AC:  7    Str: 22    XL:     4   Next: 63%
Magic:  3/3        EV:  9    Int:  5    God:
Gold:   119        SH:  5    Dex: 16    Spells: 3/3 levels left

rFire   . . .      SeeInvis .   a - +0 long sword
rCold   . . .      Faith    .   c - +0 buckler
rNeg    . . .      Spirit   .   b - +0 scale mail
rPois   .          Reflect  .   (helmet restricted)
rElec   .          Harm     .   (no cloak)
rCorr   .          Rampage  .   (no gloves)
Will    .....                   (no boots)
Stlth   ..........              (no amulet)
HPRegen 0.13/turn               n - +6 ring of dexterity
MPRegen 0.08/turn               (no ring)

@: lethally poisoned (0 -> -4)
A: horns 2, retaliatory headbutt
a: no special abilities


You were on level 4 of the Dungeon.
You visited 1 branch of the dungeon, and saw 4 of its levels.

You collected 119 gold pieces.

Inventory:

Hand Weapons
 a - a +0 long sword (weapon)
 h - a +0 hunting sling
Missiles
 f - 33 arrows
 q - 4 poisoned darts (quivered)
Armour
 b - a +0 scale mail (worn)
 c - a +0 buckler (worn)
Jewellery
 n - a +6 ring of dexterity (left hand)
Scrolls
 e - a scroll of vulnerability {unknown}
 i - 4 scrolls of identify {unknown}
 j - a scroll of noise {unknown}
 k - a scroll of summoning {unknown}
 m - a scroll of teleportation {unknown}
 o - 2 scrolls of amnesia {unknown}
 p - a scroll of magic mapping {unknown}
Potions
 d - a potion of might
 g - a potion of berserk rage {unknown}
 l - a potion of haste {unknown}


   Skills:
 + Level 4.1 Fighting
 * Level 4.8 Long Blades
 + Level 4.2 Armour
 + Level 0.5 Dodging
 + Level 4.0 Shields


You had 3 spell levels left.
You didn't know any spells.
Your spell library contained the following spells:

 Spells                   Type           Power      Damage    Failure   Level
 Animate Skeleton         Necr           0%         N/A       87%         1
 Apportation              Tloc           0%         N/A       87%         1
 Summon Small Mammal      Summ           0%         N/A       87%         1


Dungeon Overview and Level Annotations

Branches:
Dungeon (4/15)
 Temple: D:4-7

Altars:


Innate Abilities, Weirdness & Mutations

You have a pair of horns on your head.
You reflexively headbutt those who attack you in melee.


Message History

The scorpion moves out of view.
You bump into the rock wall.
A goblin comes into view. It is wielding a +0 dagger.
The adder closely misses you.
You slash the adder!
You kill the adder!
You hear some strange, mumbled words.
A magic dart appears from out of thin air!
The magic dart hits you!
You see here an adder corpse.
Something hits you but does no damage.
An orc comes into view. It is wielding a +0 club.
You bump into the rock wall.
The adder barely misses you. Something hits you.
The orc hits you with a +0 club. The adder bites you but does no damage.
You're too confused to move!
Something hits you but does no damage. The adder bites you.
The orc hits you with a +0 club.
You bump into the rock wall.
The scorpion barely misses you. Something hits you but does no damage.
The adder closely misses you. The orc hits you but does no damage.
The scorpion stings you.
You are poisoned.
The scorpion poisons you!
* * * LOW HITPOINT WARNING * * *
You feel very sick. The orc hits you with a +0 club.
* * * LOW HITPOINT WARNING * * *
The scorpion barely misses you. The adder bites you but does no damage.
You closely miss the orc.
* * * LOW HITPOINT WARNING * * *
You feel very sick. The goblin barely misses you.
The adder bites you but does no damage. The scorpion barely misses you.
The orc barely misses you.
You feel less confused.
* * * LOW HITPOINT WARNING * * *
You feel sick. You block the scorpion's attack. The goblin barely misses you.
The adder bites you but does no damage.
* * * LOW HITPOINT WARNING * * *
You feel sick. The goblin hits you with a +0 dagger.
* * * LOW HITPOINT WARNING * * *
You block the orc's attack. The scorpion barely misses you.
You die...

####...#...P..#..#
.#####...#.P....+.g#
.........#.........#
.........#........g#
.........#P..P.P#..#
.........###.##PP..#
...................#
............#(.....#####
........@................
.......o.#...#.######....
......ogs#.....# #....
.......{S#.....# #....
.........#.....# #....
........†#.....## #....
.........#......# #....
.........#......# ##....
.........#......# #.....


You could see a scorpion, an adder, 2 orcs and a goblin.

Vanquished Creatures
  2 gnolls (D:4)
  3 adders
  An adder skeleton (D:4)
  A worm (D:2)
  A dart slug (D:2)
  4 endoplasms
  5 giant cockroaches
  9 goblins
  3 hobgoblins
  4 jackals
  2 quokkas
  6 ball pythons
  A bat (D:1)
  A frilled lizard (D:1)
  A jackal skeleton (D:4)
  7 kobolds
  7 rats
58 creatures vanquished.

Vanquished Creatures (others)
  6 plants (D:4)
6 creatures vanquished.

Grand Total: 64 creatures vanquished

Notes
Turn   | Place    | Note
-------+----------+-------------------------------------------
     0 | D:1      | a11behringer the Minotaur Fighter began the quest for the
                  | Orb.
     0 | D:1      | Reached XP level 1. HP: 19/19 MP: 0/0
   432 | D:1      | Reached XP level 2. HP: 27/27 MP: 1/1
  1192 | D:2      | Reached XP level 3. HP: 31/33 MP: 2/2
  1703 | D:2      | Reached XP level 4. HP: 40/40 MP: 3/3
  1798 | D:2      | Found a faded altar of an unknown god.
  1957 | D:3      | Noticed a black bear
  2350 | D:4      | Noticed a scorpion
  2361 | D:4      | HP: 1/40 [goblin (3)]
  2362 | D:4      | Succumbed to a scorpion's poison

Illustrated notes

Levels and vault maps discovered:
D:1:      onia_arrival_pentagram, layout_loops_corners, dk_noncrumbling_3
D:2:      layout_rooms, shapermc_ecumenical_altar_mp_vishouse
D:3:      layout_loops_ring, minmay_lizard_king, uniq_grinder
D:4:      cheibrodos_old_hovel, layout_basic, kennysheep_mini, serial_shops,
          nicolae_stop_n_shop_2

Skill      XL: |  1  2  3  4 |
---------------+-------------+-----
Long Blades    | 3 4 |  4.8
Armour         | 4 |  4.2
Fighting       | 4 |  4.1
Shields        | 4 |  4.0
Dodging        | |  0.5

Action                   |  1- 3 |  4- 6 || total
-------------------------+-------+-------++-------
Melee: Long sword        |   108 |    30 ||   138
       Headbutt          |    16 |     7 ||    23
Armor: Scale mail        |    46 |    21 ||    67
Dodge: Dodged            |    54 |    24 ||    78
Block: Buckler           |    29 |     9 ||    38

Table legend: (Time is in decaauts)
 A = Elapsed time spent in this place.
 B = Non-inter-level travel time spent in this place.
 C = Inter-level travel time spent in this place.
 D = Time resting spent in this place.
 E = Time spent auto-exploring this place.
 F = Levels seen in this place.
 G = Mean time per level.
                   A        B        C        D        E       F      G
               +--------+--------+--------+--------+--------+-----+--------+
         Total |   2397 |   2257 |    140 |      0 |   1850 |   4 |  599.2 |
       Dungeon |   2397 |   2257 |    140 |      0 |   1850 |   4 |  599.2 |
               +--------+--------+--------+--------+--------+-----+--------+

Top non-repeatable levels by time:
     D:1: 1201 daAuts
     D:2: 723 daAuts
     D:4: 381 daAuts
     D:3: 91 daAuts
